 Dungeon Crawl Stone Soup version 0.31.0-11-ge490571c62 (webtiles) character file.

Game seed: 15966242153981405756

66 qw the Shooter (level 3, -1/20 HPs)
             Began as a Deep Elf Hunter on Feb 4, 2024.
             Killed by divine providence
             ... invoked by an orc priest
              (12 damage)
             ... on level 3 of the Dungeon.
             The game lasted 00:00:05 (1607 turns).

qw the Shooter (Deep Elf Hunter)                    Turns: 1607, Time: 00:00:06

Health: -1/20      AC:  5    Str: 10    XL:     3   Next: 96%
Magic:  5/5        EV: 11    Int: 13    God:
Gold:   35         SH:  0    Dex: 18    Spells: 2/2 levels left

rFire   . . .        a - +0 shortbow
rCold   . . .        (shield currently unavailable)
rNeg    . . .        d - +0 ring mail
rPois   .            (no helmet)
rElec   .            (no cloak)
rCorr   .            (no gloves)
SInv    .            (no boots)
Will    .....        (no amulet)
Stlth   +            (no ring)
HPRegen 0.23/turn    (no ring)
MPRegen 0.09/turn

%: no passive effects
@: no status effects
A: no striking features
a: no special abilities


You were on level 3 of the Dungeon.
You visited 1 branch of the dungeon, and saw 3 of its levels.

You collected 119 gold pieces.
You spent 84 gold pieces at shops.


   Skills:
 - Level 1.5 Fighting
 + Level 7.4 Ranged Weapons
 - Level 2.4 Dodging
 - Level 1.2 Stealth


You had 2 spell levels left.
You didn't know any spells.
Your spell library was empty.

Inventory:

Hand Weapons
 a - a +0 shortbow (weapon)
Armour
 d - a +0 ring mail (worn)
Jewellery
 l - an amulet of regeneration
Wands
 i - a wand of polymorph (12)
Scrolls
 c - a scroll of revelation {unknown}
 k - a scroll of identify {unknown}
 m - a scroll of teleportation {unknown}
Potions
 b - a potion of magic {unknown}
 e - a potion of haste
 f - a potion of heal wounds {unknown}
 g - a potion of brilliance {unknown}
 h - 3 potions of curing
 j - a potion of invisibility {unknown}
 n - a potion of degeneration {unknown}

Dungeon Overview and Level Annotations

Branches:
Dungeon (3/15)

Altars:

Shops:
D:3 !


Message History

You kill the dart slug!
n - a murky puce potion An orc wizard comes into view.
It is wielding a +0 dagger.
You shoot an arrow. The arrow barely misses the orc wizard.
You hear a shout! x2
An orc comes into view. It is wielding a +0 flail.
You shoot an arrow. The arrow hits the orc.
The orc is severely wounded.
The orc moves out of view.
You shoot an arrow. The arrow hits the orc wizard.
The orc wizard is heavily wounded.
The orc wizard gestures wildly while chanting.
The orc wizard flickers and vanishes!
Deactivating autopickup; reactivate with Ctrl-A.
You hear a shout! x2
You shoot an arrow. You shoot an arrow. The arrow completely misses the orc.
You shoot an arrow. The arrow barely misses the orc.
You shoot an arrow. The arrow barely misses the orc.
An orc comes into view. It is wielding a +0 trident.
You shoot an arrow. The arrow hits the orc!
You kill the orc!
You shoot an arrow. The arrow closely misses the orc.
An orc priest comes into view. It is wielding a +0 hand axe.
You shoot an arrow. The arrow barely misses the orc.
You shoot an arrow. The arrow closely misses the orc.
The orc hits you from afar with a +0 trident.
You shoot an arrow. The arrow hits the orc.
The orc is almost dead.
The orc hits you from afar with a +0 trident.
You shoot an arrow. The arrow closely misses the orc.
You hear some strange, mumbled words.
A magic dart appears from out of thin air!
The magic dart hits you. The orc misses you.
You shoot an arrow. The arrow barely misses the orc.
Something hits you but does no damage.
The orc priest invokes the aid of Beogh against you.
Beogh smites you!
Ouch! That really hurt!
You die...

#.##.............
#.####...........
#.# ###.........
#.........
#.######.........
#.........######
#..######......#
#......####
#..@{o.....
#.###...... #.#
.o.... #.# .)...
..# .... ### .. .


You could see an orc priest and an orc.

Vanquished Creatures
  Jessica (D:2)
  A dart slug (D:3)
  An orc (D:3)
  5 bats
  5 endoplasms
  3 hobgoblins
  2 jackals (D:1)
  A kobold (D:1)
  4 quokkas
  3 ball pythons (D:1)
  5 frilled lizards
  2 goblins (D:1)
  A rat (D:1)
34 creatures vanquished.

Notes
Turn   | Place    | Note
-------+----------+-------------------------------------------
     0 | D:1      | qw the Deep Elf Hunter began the quest for the Orb.
     0 | D:1      | Reached XP level 1. HP: 12/12 MP: 3/3
     0 | D:1      | 0 ||| qw: Version: 0.3-a-160-g6735b56
     0 | D:1      | 0 ||| qw: Game counter: 4961
     0 | D:1      | 0 ||| qw: Melee chars always use a shield: true
     0 | D:1      | 0 ||| qw: God list: Okawaru
     0 | D:1      | 0 ||| qw: Allow faded altars: false
     0 | D:1      | 0 ||| qw: Do Orc after clearing Dungeon:15 true
     0 | D:1      | 0 ||| qw: Do second Lair branch before Depths: true
     0 | D:1      | 0 ||| qw: Lair rune preference: random
     0 | D:1      | 0 ||| qw: Goals: Normal
     0 | D:1      | 0 ||| PLANNING D:1-11
   123 | D:1      | Reached XP level 2. HP: 16/16 MP: 4/4
   139 | D:1      | Reached skill level 6 in Ranged Weapons
   654 | D:1      | 654 ||| DROPPING scarf of invisibility.
   655 | D:1      | 655 ||| READING scroll labelled DOIWA BEWYI.
   756 | D:1      | 756 ||| READING scroll labelled VYMPUG DONIDGH.
   757 | D:1      | 757 ||| READING scroll labelled ORHAEMP CERPHI.
   757 | D:1      | 757 ||| ENCHANTING +0 shortbow.
   758 | D:1      | 758 ||| READING scroll labelled ZAKIUT RIATI.
   759 | D:1      | 759 ||| DROPPING scroll of butterflies.
   996 | D:2      | Reached XP level 3. HP: 20/20 MP: 5/5
  1209 | D:2      | Noticed Jessica
  1215 | D:2      | 1215 ||| FLEEEEING.
  1216 | D:2      | 1216 ||| FLEEEEING.
  1217 | D:2      | 1217 ||| FLEEEEING.
  1218 | D:2      | 1218 ||| FLEEEEING.
  1219 | D:2      | 1219 ||| FLEEEEING.
  1220 | D:2      | 1220 ||| FLEEEEING.
  1221 | D:2      | 1221 ||| FLEEEEING.
  1222 | D:2      | 1222 ||| FLEEEEING.
  1223 | D:2      | 1223 ||| FLEEEEING.
  1224 | D:2      | 1224 ||| FLEEEEING.
  1225 | D:2      | 1225 ||| FLEEEEING.
  1226 | D:2      | 1226 ||| FLEEEEING.
  1227 | D:2      | 1227 ||| FLEEEEING.
  1228 | D:2      | 1228 ||| FLEEEEING.
  1229 | D:2      | 1229 ||| FLEEEEING.
  1230 | D:2      | 1230 ||| FLEEEEING.
  1231 | D:2      | 1231 ||| FLEEEEING.
  1232 | D:2      | 1232 ||| FLEEEEING.
  1233 | D:2      | 1233 ||| FLEEEEING.
  1234 | D:2      | 1234 ||| FLEEEEING.
  1235 | D:2      | 1235 ||| FLEEEEING.
  1236 | D:2      | 1236 ||| FLEEEEING.
  1237 | D:2      | 1237 ||| FLEEEEING.
  1238 | D:2      | 1238 ||| FLEEEEING.
  1239 | D:2      | 1239 ||| FLEEEEING.
  1240 | D:2      | 1240 ||| FLEEEEING.
  1241 | D:2      | 1241 ||| FLEEEEING.
  1242 | D:2      | 1242 ||| FLEEEEING.
  1243 | D:2      | 1243 ||| FLEEEEING.
  1244 | D:2      | 1244 ||| FLEEEEING.
  1257 | D:2      | Killed Jessica
  1258 | D:2      | Reached skill level 7 in Ranged Weapons
  1368 | D:2      | 1368 ||| UPGRADING to +0 ring mail.
  1378 | D:2      | 1378 ||| DROPPING +0 leather armour.
  1379 | D:2      | 1379 ||| DRINKING 2 purple potions.
  1412 | D:3      | Found Gupissob's Distillery.
  1414 | D:3      | 1414 ||| BUYING potion of curing (42 gold).
  1414 | D:3      | Bought a potion of curing for 42 gold pieces
  1414 | D:3      | 1414 ||| BUYING potion of curing (42 gold).
  1414 | D:3      | Bought a potion of curing for 42 gold pieces
  1414 | D:3      | 1414 ||| SHOPLISTING potion of curing (42 gold, have 35).
  1414 | D:3      | 1414 ||| SHOPLISTING potion of heal wounds (70 gold, have
                  | 35).
  1414 | D:3      | 1414 ||| SHOPLISTING potion of mutation (112 gold, have
                  | 35).
  1572 | D:3      | Found a faded altar of an unknown god.
  1607 | D:3      | Killed from afar by an orc priest

Levels and vault maps discovered:
D:1:      psy_arrival_whirlpool, layout_loops_ring, serial_glass,
          glass_columns_b, glass_columns_b, minmay_split_cup_large
D:2:      layout_loops_cross, uniq_jessica
D:3:      kennysheep_big_flooded_room, layout_basic, general_overflow_altar,
          serial_shops, nicolae_shop_trees,
          hellmonk_ecumenical_altar_heavens_door

Skill      XL: |  1  2  3 |
---------------+----------+-----
Ranged Weapons | 6 7 |  7.4
Fighting       | |  1.5
Dodging        | |  2.4
Stealth        | |  1.2

Action                     || total
---------------------------++-------
   Fire: Shortbow          ||   103
    Use: Scroll            ||     4
         Potion            ||     1
 Armour: Leather armour    ||    15
         Ring mail         ||     4
  Dodge: Dodged            ||    21

Table legend:
 A = Non-vault XP
 B = Vault XP
 C = Vault XP percentage of total XP
 D = Non-vault monster count
 E = Vault monster count
 F = Vault count percentage of total count
                 A         B        C        D         E       F
            +---------+---------+-------+---------+---------+-------
      Total |      51 |      44 |  46.3 |      29 |       5 |  14.7
            +---------+---------+-------+---------+---------+-------
        D:1 |      29 |       7 |  19.4 |      18 |       4 |  18.2
        D:2 |      11 |      37 |  77.1 |       7 |       1 |  12.5
        D:3 |      11 |       0 |   0.0 |       4 |       0 |   0.0
            +---------+---------+-------+---------+---------+-------
